[Event "fics rated crazyhouse match"]
[Site "fics, Oklahoma City, OK USA"]
[Date "2000.12.04"]
[White "BarryWhite"]
[WhiteElo "2453"]
[Black "VampireGod"]
[BlackElo "2307"]
[TimeControl "120+0"]
[Result "1-0"]

1. e4 e5 2. Nf3 Nc6 3. Bc4 Bc5 4. O-O Nf6 5. d3 d6 6. h3 
Nd4 7. Nxd4 Bxd4 8. Nd2 c6 9. Nf3 d5 10. exd5 cxd5 11. Nxd4 exd4 
12. Qe2+ Be6 13. P@f5 Qe7 14. fxe6 fxe6 15. B@a3 P@d6 16. Bxd6 Qxd6 17. P@e5 
Qe7 18. B@d6 B@h5 19. Bxe7 Bxe2 20. Bxf6 gxf6 21. N@g7+ Kf7 22. N@h6+ Kg6 
23. Q@f7# 
{VampireGod checkmated} 1-0

[Event "fics rated crazyhouse match"]
[Site "fics, Oklahoma City, OK USA"]
[Date "2000.12.04"]
[White "VampireGod"]
[WhiteElo "2302"]
[Black "BarryWhite"]
[BlackElo "2458"]
[TimeControl "120+0"]
[Result "1-0"]

1. e4 e6 2. d4 d5 3. exd5 exd5 4. Nc3 Nc6 5. Bb5 Nf6 6. Nf3 
Bb4 7. Ne5 Qe7 8. Qe2 Bxc3+ 9. bxc3 Bd7 10. Bxc6 bxc6 11. B@b7 O-O 
12. Bxc6 Bxc6 13. N@f5 Qe6 14. Nxg7 Kxg7 15. P@g5 Ne8 16. P@f6+ Nxf6 17. gxf6+ 
Qxf6 18. N@h5+ Kh8 19. Nxf6 B@g6 20. Nxg6+ fxg6 21. P@g7+ Kxg7 22. B@h6+ Kxf6 
23. Qe5+ Kf7 24. Q@g7# 
{BarryWhite checkmated} 1-0

[Event "fics rated crazyhouse match"]
[Site "fics, Oklahoma City, OK USA"]
[Date "2000.12.04"]
[White "BarryWhite"]
[WhiteElo "2447"]
[Black "VampireGod"]
[BlackElo "2313"]
[TimeControl "120+0"]
[Result "1-0"]

1. e4 e5 2. Nf3 Nc6 3. Bc4 Bc5 4. O-O Nf6 5. Nc3 d6 6. d3 
Nd4 7. Nxd4 Bxd4 8. Ne2 c6 9. Nxd4 exd4 10. B@f5 d5 11. Bxc8 Rxc8 
12. exd5 cxd5 13. Qe2+ P@e6 14. Bb5+ B@d7 15. N@d6+ Kf8 16. Nxc8 Qxc8 17. B@d6+ 
N@e7 18. Bxe7+ Kxe7 19. N@f5+ Kf8 20. P@e7+ Kg8 21. R@f8+ Qxf8 22. exf8=Q+ Kxf8 
23. Bxd7 N@e7 24. B@d6 B@d8 25. Nxe7 Bxe7 26. Bxe7+ Kxe7 27. Bxe6 P@e3 28. N@f5+ 
Kxe6 29. Q@d6+ Kxf5 30. fxe3+ Kg6 31. P@f5+ Kh6 32. P@g5+ Kxg5 33. Qf4# 
{VampireGod checkmated} 1-0

[Event "fics rated crazyhouse match"]
[Site "fics, Oklahoma City, OK USA"]
[Date "2000.12.04"]
[White "VampireGod"]
[WhiteElo "2308"]
[Black "BarryWhite"]
[BlackElo "2452"]
[TimeControl "120+0"]
[Result "0-1"]

1. e4 e6 2. d4 b6 3. Nc3 Bb7 4. Bd3 Nf6 5. Nge2 d5 6. e5 
Ne4 7. O-O Be7 8. Ng3 Nxc3 9. bxc3 N@e4 10. Qg4 Nxg3 11. Qxg7 N@e2+ 
12. Bxe2 Nxe2+ 13. Kh1 Kd7 14. Qxf7 B@f5 15. P@f6 Nc6 16. fxe7 Nxe7 17. P@f6 
P@h3 18. B@f3 hxg2+ 19. Bxg2 P@h3 20. Bf3 Nxd4 21. cxd4 P@g2+ 22. Bxg2 hxg2+ 
23. Kxg2 B@h3+ 24. Kg1 Qg8+ 25. P@g7 Qxf7 26. N@f4 Rhg8 27. P@g2 Bxg2 28. Nxg2 
P@h3 29. Nf4 Rxg7+ 30. fxg7 Qxg7+ 31. P@g3 P@g2 32. Nxg2 hxg2 33. Kxg2 N@h4+ 
34. Kg1 Q@g2# 
{VampireGod checkmated} 0-1

[Event "fics rated crazyhouse match"]
[Site "fics, Oklahoma City, OK USA"]
[Date "2000.12.04"]
[White "BarryWhite"]
[WhiteElo "2457"]
[Black "VampireGod"]
[BlackElo "2303"]
[TimeControl "120+0"]
[Result "1-0"]

1. e4 e5 2. Nf3 Nc6 3. Bc4 Bc5 4. O-O Nf6 5. Nc3 d6 6. h3 
Nd4 7. Nxd4 Bxd4 8. Ne2 c6 9. Nxd4 exd4 10. Bxf7+ Kxf7 11. N@g5+ Kf8 
12. d3 N@e6 13. Nxe6+ Bxe6 14. P@f5 Bf7 15. B@h6 gxh6 16. Bxh6+ Ke7 17. P@g5 
Nh5 18. Qg4 N@e5 19. f6+ Ke8 20. N@g7+ Nxg7 21. fxg7 Nxg4 22. gxh8=Q+ B@g8 
23. hxg4 B@f3 24. N@f6+ Ke7 25. Nxg8+ Kd7 26. Nf6+ Qxf6 27. Qxf6 N@e2+ 28. Kh2 
Q@h4+ 29. B@h3 N@e5 30. R@e7+ Kc8 31. Q@f8+ N@e8 32. Rxe8+ Bxe8 33. Qxe8+ Kc7 
34. B@d8+ Kc8 35. Bb6+ R@d8 36. Qfxd8# 
{VampireGod checkmated} 1-0

[Event "fics rated crazyhouse match"]
[Site "fics, Oklahoma City, OK USA"]
[Date "2000.12.04"]
[White "VampireGod"]
[WhiteElo "2298"]
[Black "BarryWhite"]
[BlackElo "2462"]
[TimeControl "120+0"]
[Result "0-1"]

1. e4 e6 2. d4 b6 3. Bd3 Bb7 4. Nc3 Nf6 5. Nge2 Be7 6. O-O 
d5 7. e5 Ne4 8. Ng3 Nxc3 9. bxc3 c5 10. Qg4 N@g6 11. N@h5 Bf8 
12. dxc5 Nxe5 13. Nxg7+ Kd7 14. Qf4 Bxg7 15. P@h6 Bf6 16. cxb6 axb6 17. P@g5 
Nxd3 18. cxd3 B@e5 19. gxf6 Bxf4 20. Bxf4 P@f3 21. B@h1 Rg8 22. B@g7 N@e2+ 
23. Nxe2 fxe2 24. Rfe1 N@c2 25. P@e7 Qc8 26. N@e5+ Kc7 27. Nc4+ Kc6 28. N@e5+ 
Kb5 29. Rxe2 Nxa1 30. Nd6+ Ka6 31. Nxc8 R@b1+ 32. Q@e1 Rxe1+ 33. Rxe1 Q@b2 
34. P@b5+ Qxb5 35. Nd6 Qb2 36. Nb5 Q@c2 37. R@d2 Ka5 38. Rxc2 Nxc2 39. Q@b4+ 
Nxb4 40. cxb4+ Qxb4 41. N@c6+ Kxb5 42. Nxb4 P@d2 
{VampireGod forfeits on time} 0-1

[Event "fics rated crazyhouse match"]
[Site "fics, Oklahoma City, OK USA"]
[Date "2000.12.04"]
[White "BarryWhite"]
[WhiteElo "2466"]
[Black "VampireGod"]
[BlackElo "2293"]
[TimeControl "120+0"]
[Result "0-1"]

1. e4 e5 2. Nf3 Nc6 3. Bc4 Bc5 4. O-O Nf6 5. d3 d6 6. h3 
Nd4 7. Nxd4 Bxd4 8. Nd2 c6 9. Nf3 d5 10. Nxd4 exd4 11. exd5 cxd5 
12. Qe2+ P@e3 13. Bxe3 dxe3 14. Qxe3+ B@e7 15. Bb5+ N@c6 16. P@g5 N@f5 17. Qd2 
Nh5 18. Rae1 Be6 19. P@f6 gxf6 20. P@a6 Rb8 21. axb7 P@d7 22. Bxc6 dxc6 
23. gxf6 Bxf6 24. P@g4 P@e3 25. Rxe3 Nxe3 26. Qxe3 B@f4 27. Qe2 Rxb7 28. gxh5 
Bxb2 29. P@g3 P@d2 30. N@f3 R@c1 31. N@d1 Rxd1 32. Rxd1 N@c3 33. Qf1 P@e2 
34. N@g7+ Kd7 35. Nxe6 fxe6 36. N@e5+ Kc7 37. gxf4 exf1=Q+ 38. Rxf1 d1=Q 39. Rxd1 
Nxd1 40. P@c5 N@e2+ 41. Kh2 R@h1+ 42. Kxh1 Nxf2+ 43. Kh2 Q@h1# 
{BarryWhite checkmated} 0-1

[Event "fics rated crazyhouse match"]
[Site "fics, Oklahoma City, OK USA"]
[Date "2000.12.04"]
[White "VampireGod"]
[WhiteElo "2305"]
[Black "BarryWhite"]
[BlackElo "2454"]
[TimeControl "120+0"]
[Result "0-1"]

1. e4 e6 2. d4 d5 3. exd5 exd5 4. Nc3 Nf6 5. Bg5 Be7 6. P@e5 
Ng8 7. Bf4 Nc6 8. Nf3 Bg4 9. Be2 P@e4 10. Nxd5 Qxd5 11. P@c4 Qa5+ 
12. Bd2 Bb4 13. Bxb4 Nxb4 14. B@c3 exf3 15. Bxf3 Bxf3 16. Qxf3 B@c6 17. d5 
N@h4 18. Qg4 Nxc2+ 19. Kd2 P@b4 20. Qxh4 bxc3+ 21. bxc3 B@g5+ 22. Qxg5 N@e4+ 
23. Kxc2 Qxc3+ 24. Kd1 B@c2+ 25. Ke2 Bd3+ 26. Ke3 Nxg5 27. B@f3 Q@d4# 
{VampireGod checkmated} 0-1

[Event "fics rated crazyhouse match"]
[Site "fics, Oklahoma City, OK USA"]
[Date "2000.12.04"]
[White "BarryWhite"]
[WhiteElo "2459"]
[Black "VampireGod"]
[BlackElo "2300"]
[TimeControl "120+0"]
[Result "1-0"]

1. e4 e5 2. Nf3 Nc6 3. Bc4 Bc5 4. O-O Nf6 5. Nc3 d6 6. h3 
O-O 7. d3 Nd4 8. Nxd4 Bxd4 9. Ne2 c6 10. Nxd4 exd4 11. B@h4 d5 
12. Bcg5 N@e8 13. exd5 cxd5 14. P@e5 dxc4 15. exf6 gxf6 16. N@h6+ Kh8 17. Bxf6+ 
Nxf6 18. P@e5 P@g7 19. exf6 gxf6 20. N@e5 B@e6 21. N@h5 P@g7 22. Bxf6 Qxf6 
23. Nxf6 gxf6 24. P@e7 Bcd7 25. Nxd7 Rg8 26. Nxg8 Rxg8 27. B@h6 Bxd7 28. R@f8 
Rxf8 29. exf8=Q+ B@g8 30. Bg7# 
{VampireGod checkmated} 1-0

[Event "fics rated crazyhouse match"]
[Site "fics, Oklahoma City, OK USA"]
[Date "2000.12.04"]
[White "VampireGod"]
[WhiteElo "2295"]
[Black "BarryWhite"]
[BlackElo "2464"]
[TimeControl "120+0"]
[Result "0-1"]

1. e4 e6 2. d4 d5 3. exd5 exd5 4. Nc3 Nc6 5. Bb5 Bb4 6. Nf3 
Qe7+ 7. P@e5 a6 8. Ba4 Bg4 9. O-O Bxc3 10. bxc3 P@e4 11. Bg5 f6 
12. exf6 Nxf6 13. Bxc6+ bxc6 14. N@f4 exf3 15. gxf3 P@e2 16. Nxe2 N@h3+ 17. Kh1 
Bxf3+ 18. P@g2 Bxg2+ 19. Kxg2 Nxg5 
{VampireGod resigns} 0-1

[Event "fics rated crazyhouse match"]
[Site "fics, Oklahoma City, OK USA"]
[Date "2000.12.04"]
[White "BarryWhite"]
[WhiteElo "2468"]
[Black "VampireGod"]
[BlackElo "2291"]
[TimeControl "120+0"]
[Result "1-0"]

1. e4 e6 2. d4 Nc6 3. Nf3 Nf6 4. Bd3 d5 5. e5 Ne4 6. O-O 
Be7 7. Be3 O-O 8. Nbd2 f5 9. exf6 Nxf6 10. Ne5 P@e4 11. P@g6 hxg6 
12. Nxg6 exd3 13. cxd3 B@h7 14. P@h5 e5 15. Nxf8 Bxf8 16. P@g6 exd4 17. gxh7+ 
Nxh7 18. B@g6 P@f7 19. Bxf7+ Kxf7 20. P@g6+ Kg8 21. Bxd4 Be6 22. gxh7+ Kxh7 
23. P@g6+ Kg8 24. N@h6+ Kh8 25. R@h7# 
{VampireGod checkmated} 1-0

[Event "fics rated crazyhouse match"]
[Site "fics, Oklahoma City, OK USA"]
[Date "2000.12.05"]
[White "Bugzilla"]
[WhiteElo "2235"]
[Black "tantheman"]
[BlackElo "2299"]
[TimeControl "60+0"]
[Result "0-1"]

1. e4 e6 2. Nc3 Nc6 3. d4 Nf6 4. e5 Nd5 5. Ne4 d6 6. Nf3 
dxe5 7. dxe5 P@d6 8. Bb5 Bd7 9. P@f6 gxf6 10. Qxd5 exd5 11. Nxf6+ Qxf6 
12. exf6 P@a6 13. P@g7 O-O-O 14. Q@a8+ N@b8 15. gxh8=Q axb5 16. O-O B@e2 17. N@d4 
Bxf1 18. Nxc6 bxc6 19. Kxf1 Q@d1+ 20. R@e1 R@h1+ 21. B@g1 Qxe1+ 22. Kxe1 Rxg1+ 
23. Nxg1 R@f1+ 24. Kxf1 B@c4+ 25. N@d3 N@d2# 
{Bugzilla forfeits on time} 0-1

[Event "fics rated crazyhouse match"]
[Site "fics, Oklahoma City, OK USA"]
[Date "2000.12.05"]
[White "tantheman"]
[WhiteElo "2306"]
[Black "Bugzilla"]
[BlackElo "2228"]
[TimeControl "60+0"]
[Result "1-0"]

1. e4 Nf6 2. Nc3 Nc6 3. Nf3 e6 4. d4 Bb4 5. Bd3 d5 6. exd5 
exd5 7. O-O P@e4 8. Bxe4 dxe4 9. Nxe4 Nxe4 10. Qe2 B@g6 11. P@d3 Bg4 
12. dxe4 Nxd4 13. Nxd4 Bxe2 14. Nxe2 Bxe4 15. B@h3 P@f3 16. P@d7+ Kf8 17. P@h6 
fxe2 18. hxg7+ Kxg7 19. N@h5+ Kf8 20. Bh6+ Ke7 21. Bg5+ Kd6 22. Bxd8 exf1=Q+ 
23. Rxf1 Raxd8 24. P@e5+ Kxe5 25. Q@f6+ Kd5 26. Qxf7+ Kc5 27. P@d4+ Kxd4 28. c3+ 
Kd3 29. Nf4+ Kc2 30. Qb3# 
{Bugzilla forfeits on time} 1-0

[Event "fics rated crazyhouse match"]
[Site "fics, Oklahoma City, OK USA"]
[Date "2000.12.05"]
[White "Bugzilla"]
[WhiteElo "2222"]
[Black "tantheman"]
[BlackElo "2312"]
[TimeControl "60+0"]
[Result "0-1"]

1. e4 e6 2. Nc3 Nc6 3. Nf3 Nf6 4. Bb5 Bb4 5. O-O O-O 6. e5 
Ng4 7. d4 Bxc3 8. bxc3 N@f5 9. Bd3 d6 10. Bxf5 exf5 11. B@h4 B@e7 
12. Bxe7 Qxe7 13. B@h4 f6 14. N@d5 Qf7 15. exf6 gxf6 16. Nf4 P@g7 17. d5 
Nce5 18. P@e6 Qe7 19. Nxe5 dxe5 20. N@g6 hxg6 21. Nxg6 Qc5 22. P@f7+ Rxf7 
23. exf7+ Kxf7 24. h3 P@h2+ 25. Kh1 Qxc3 26. hxg4 Kxg6 27. N@e7+ Kf7 28. Nxf5 
Bxf5 29. gxf5 Qxa1 30. P@e6+ Ke7 31. B@g6 R@g1+ 32. Rxg1 hxg1=Q+ 33. Kxg1 P@h2+ 
34. Kxh2 R@h1# 
{Bugzilla forfeits on time} 0-1

[Event "fics rated crazyhouse match"]
[Site "fics, Oklahoma City, OK USA"]
[Date "2000.12.05"]
[White "tantheman"]
[WhiteElo "2318"]
[Black "Bugzilla"]
[BlackElo "2216"]
[TimeControl "60+0"]
[Result "1-0"]

1. e4 Nf6 2. Nc3 Nc6 3. Nf3 e5 4. Bc4 Bc5 5. d3 O-O 6. Bg5 
h6 7. Bxf6 Qxf6 8. Nd5 Qd8 9. Qd2 B@h5 10. O-O-O d6 11. Nh4 Bxd1 
12. Rxd1 Nd4 13. N@f5 Bxf5 14. Nxf5 Nxf5 15. exf5 N@d4 16. B@g6 R@a1+ 17. B@b1 
N@e2+ 18. Qxe2 Nxe2+ 19. Kd2 Nd4 20. N@g3 Qg5+ 21. N@e3 Nxc2 22. Bxc2 Rxd1+ 
23. Bxd1 P@d4 24. N@e7+ Kh8 25. R@h7# 
{Bugzilla checkmated} 1-0

[Event "fics rated crazyhouse match"]
[Site "fics, Oklahoma City, OK USA"]
[Date "2000.12.05"]
[White "Bugzilla"]
[WhiteElo "2210"]
[Black "tantheman"]
[BlackElo "2324"]
[TimeControl "60+0"]
[Result "1-0"]

1. e4 e6 2. Nc3 Nc6 3. d4 Nf6 4. e5 Nd5 5. Nxd5 exd5 6. Nf3 
d6 7. Bb5 Bd7 8. O-O Be7 9. Re1 O-O 10. N@h5 dxe5 11. dxe5 P@h6 
12. Bxh6 gxh6 13. P@g7 Re8 14. Bxc6 bxc6 15. N@f6+ Bxf6 16. Nxf6+ Kxg7 17. Nxe8+ 
Qxe8 18. B@f6+ Kg6 19. Nh4# 
{tantheman checkmated} 1-0

[Event "fics rated crazyhouse match"]
[Site "fics, Oklahoma City, OK USA"]
[Date "2000.12.05"]
[White "tantheman"]
[WhiteElo "2313"]
[Black "Bugzilla"]
[BlackElo "2221"]
[TimeControl "60+0"]
[Result "1-0"]

1. e4 Nf6 2. Nc3 Nc6 3. Nf3 e6 4. d4 Bb4 5. Bd3 d5 6. exd5 
Nxd5 7. Bd2 P@a3 8. Nxd5 Bxd2+ 9. Qxd2 axb2 10. Nxc7+ Qxc7 11. Rb1 P@c3 
12. Qg5 B@f6 13. Qe3 N@d5 14. Qe4 a6 15. P@c5 Ncb4 16. B@d6 Qa5 17. O-O 
Nxd3 18. cxd3 B@g6 19. Qxd5 exd5 20. N@c7+ Kd8 21. Rfe1 Be6 22. Nxd5 Bxd5 
23. P@c7+ Kc8 24. N@b6+ Qxb6 25. cxb6 N@c6 26. P@d7+ Kxd7 27. N@c5+ Kxd6 28. Q@d7# 
{Bugzilla checkmated} 1-0

[Event "fics rated crazyhouse match"]
[Site "fics, Oklahoma City, OK USA"]
[Date "2000.12.05"]
[White "Bugzilla"]
[WhiteElo "2215"]
[Black "tantheman"]
[BlackElo "2319"]
[TimeControl "60+0"]
[Result "0-1"]

1. e3 e6 2. b3 b6 3. Bb2 Bb7 4. Nf3 Nf6 5. Be2 Be7 6. O-O 
O-O 7. d3 c5 8. Nbd2 Nc6 9. Ng5 h6 10. Nge4 d5 11. Nxf6+ Bxf6 
12. Bxf6 Qxf6 13. f4 B@c3 14. N@h5 Qg6 15. Rb1 d4 16. e4 N@e3 17. Rf2 
Nxd1 18. Rxd1 Bxd2 19. Rxd2 Q@e1+ 20. Bf1 N@e3 21. f5 Qxg2+ 22. Rxg2 Qxf1# 
{Bugzilla checkmated} 0-1

[Event "fics rated crazyhouse match"]
[Site "fics, Oklahoma City, OK USA"]
[Date "2000.12.05"]
[White "tantheman"]
[WhiteElo "2325"]
[Black "Bugzilla"]
[BlackElo "2209"]
[TimeControl "60+0"]
[Result "1-0"]

1. e4 Nf6 2. Nc3 Nc6 3. Nf3 e6 4. e5 Nd5 5. d4 Bb4 6. Bd2 
Bxc3 7. bxc3 d6 8. exd6 cxd6 9. Bd3 P@f6 10. B@e4 Qe7 11. P@h6 gxh6 
12. Bxd5 exd5+ 13. Qe2 P@e4 14. Bxh6 Rg8 15. N@g7+ Kd8 16. P@g5 N@f4 17. gxf6 
Nxg2+ 18. Kd1 Qc7 19. P@e7+ Kd7 20. Bxe4 dxe4 21. Qxe4 B@c4 22. P@d5 P@e2+ 
23. Kd2 B@h3 24. P@e6+ fxe6 25. dxe6+ Bhxe6 26. P@f5 Bed5 27. Qxd5 Bxd5 28. B@e6+ 
Bxe6 29. fxe6# 
{Bugzilla checkmated} 1-0

[Event "fics rated crazyhouse match"]
[Site "fics, Oklahoma City, OK USA"]
[Date "2000.12.05"]
[White "Bugzilla"]
[WhiteElo "2204"]
[Black "tantheman"]
[BlackElo "2330"]
[TimeControl "60+0"]
[Result "0-1"]

1. e3 e6 2. Nc3 b6 3. Nf3 Bb7 4. Be2 Nf6 5. O-O Be7 6. d3 
O-O 7. Bd2 c5 8. e4 Nc6 9. Bf4 Nd4 10. Nxd4 cxd4 11. Nb5 Bc5 
12. N@d6 Bc6 13. Be5 N@g6 14. Bxd4 Bxd4 15. Nxd4 B@c5 16. N6b5 Bxb5 17. Nxb5 
Nf4 18. B@g3 Nxe2+ 19. Qxe2 B@h5 20. P@f3 d5 21. B@c7 Qd7 22. Nc3 d4 
23. Nd1 Rac8 24. Bce5 N@g5 25. Bxf6 gxf6 26. N@h6+ Kh8 27. h4 Nxf3+ 28. gxf3 
P@g7 29. Ng4 Bxg4 30. fxg4 B@f4 31. Bxf4 N@h3+ 32. Kh2 Nxf4 33. Qf3 Bd6 
34. B@g3 Ng6 35. N@h5 Bxg3+ 36. fxg3 B@h6 37. B@g5 fxg5 38. hxg5 Bxg5 39. Nxg7 
B@f6 40. P@h6 Bxh6 41. Nh5 P@g7 42. Nxf6 gxf6 43. P@g5 P@g7 44. N@h5 Bxg5 
45. B@e5 fxe5 46. B@h6 B@f6 47. Bxg7+ Bxg7 48. Nxg7 B@f6 49. P@h6 Bxh6 50. Nh5 
P@g7 51. Qxf6 gxf6 52. B@g7+ Kg8 
{Bugzilla forfeits on time} 0-1

[Event "fics rated crazyhouse match"]
[Site "fics, Oklahoma City, OK USA"]
[Date "2000.12.05"]
[White "tantheman"]
[WhiteElo "2335"]
[Black "Bugzilla"]
[BlackElo "2199"]
[TimeControl "60+0"]
[Result "0-1"]

1. e4 Nf6 2. Nc3 Nc6 3. Nf3 d5 4. exd5 Nxd5 5. d4 e6 6. Bd3 
Bb4 7. Bd2 P@a3 8. Nxd5 Bxd2+ 9. Qxd2 axb2 10. Nxc7+ Qxc7 11. O-O bxa1=Q 
12. Rxa1 N@f4 13. B@g3 P@h3 14. Bxf4 B@d6 15. Bxd6 Qxd6 16. N@b5 Qd7 17. N@c7+ 
Kd8 18. Nxa8 hxg2 19. P@c7+ Ke8 20. R@d8+ Nxd8 21. cxd8=Q+ Qxd8 22. Nac7+ Kf8 
23. B@d6+ P@e7 24. P@h6 gxh6 25. Qxh6+ P@g7 26. Qd2 P@h3 27. Bxe7+ Qxe7 28. N@g3 
R@h1+ 29. Nxh1 gxh1=Q+ 30. Kxh1 B@g2+ 31. Kg1 R@h1# 
{tantheman checkmated} 0-1

[Event "fics rated crazyhouse match"]
[Site "fics, Oklahoma City, OK USA"]
[Date "2000.12.05"]
[White "Bugzilla"]
[WhiteElo "2210"]
[Black "tantheman"]
[BlackElo "2324"]
[TimeControl "60+0"]
[Result "1-0"]

1. e4 e6 2. Nc3 b6 3. d4 Bb7 4. Nf3 Nf6 5. Bd3 Bb4 6. Bg5 
h6 7. Bh4 g5 8. Nxg5 hxg5 9. Bxg5 N@h7 10. Bh4 Rg8 11. Rg1 Nc6 
12. e5 Nxd4 13. Bxh7 Nxh7 14. Bxd8 Bxc3+ 15. bxc3 N@f3+ 16. gxf3 Rxg1+ 17. B@f1 
Kxd8 18. P@e7+ Kxe7 19. P@f6+ Nxf6 20. exf6+ Kxf6 21. Qxd4+ P@e5 22. Qxe5+ Kxe5 
23. Q@d4+ Kf5 24. N@h4+ Kg5 25. Qg7+ P@g6 26. N@h7+ Kf4 27. Qf6+ P@f5 28. N@e2# 
{tantheman checkmated} 1-0

[Event "fics rated crazyhouse match"]
[Site "fics, Oklahoma City, OK USA"]
[Date "2000.12.05"]
[White "tantheman"]
[WhiteElo "2313"]
[Black "Bugzilla"]
[BlackElo "2221"]
[TimeControl "60+0"]
[Result "1-0"]

1. e4 Nf6 2. Nc3 Nc6 3. Nf3 d5 4. exd5 Nxd5 5. d4 e6 6. Bd3 
Bb4 7. O-O Bxc3 8. bxc3 Nxc3 9. Qe1 P@e4 10. Bxe4 Nxe4 11. Qxe4 B@d5 
12. Qg4 P@g6 13. P@e2 h5 14. Qf4 h4 15. P@h3 Bxf3 16. gxf3 Nxd4 17. B@d3 
N@h5 18. Qd2 P@g3 19. B@g2 gxh2+ 20. Kxh2 P@g3+ 21. Kh1 gxf2 22. Rxf2 Ng3+ 
23. Kh2 Ngf5 24. Kh1 P@e3 25. Qxe3 Nxe3 26. Bxe3 N@g3+ 27. Kg1 Ngf5 28. P@d2 
Nxe3 29. dxe3 B@g3 30. P@h2 Bxf2+ 31. Kxf2 Nf5 32. Bxf5 gxf5 33. B@a4+ c6 
34. N@f1 B@d2 35. Nxd2 Kf8 36. N@f1 Q@g3+ 37. hxg3 
{Bugzilla forfeits on time} 1-0

[Event "fics rated crazyhouse match"]
[Site "fics, Oklahoma City, OK USA"]
[Date "2000.12.05"]
[White "Bugzilla"]
[WhiteElo "2215"]
[Black "tantheman"]
[BlackElo "2319"]
[TimeControl "60+0"]
[Result "0-1"]

1. e4 e6 2. Nc3 b6 3. d4 Bb7 4. Nf3 Nf6 5. Bd3 Nc6 6. Bg5 
Be7 7. e5 Ng4 8. Bxe7 Qxe7 9. O-O B@g6 10. d5 Ncxe5 11. Nxe5 Nxe5 
12. B@g3 P@d6 13. Bxe5 dxe5 14. Bxg6 hxg6 15. B@g3 B@f4 16. N@g4 Bxg3 17. fxg3 
B@d4+ 18. B@e3 Bxe3+ 19. Nxe3 B@d4 20. B@f2 Bxe3 21. Bxe3 N@f5 22. B@g5 B@f6 
23. Bxf6 gxf6 24. Bf2 B@h5 25. B@e2 Bxe2 26. Qxe2 B@a6 27. B@d3 Bxd3 28. cxd3 
B@h5 29. B@f3 Bxf3 30. gxf3 N@h3+ 31. Kg2 Bxd5 32. Nxd5 exd5 33. B@g4 N@f4+ 
34. gxf4 Nxf4+ 35. Kh1 P@g2+ 36. Kg1 Nxe2# 
{Bugzilla resigns} 0-1

[Event "fics rated crazyhouse match"]
[Site "fics, Oklahoma City, OK USA"]
[Date "2000.12.05"]
[White "tantheman"]
[WhiteElo "2325"]
[Black "Bugzilla"]
[BlackElo "2209"]
[TimeControl "60+0"]
[Result "0-1"]

1. e4 Nf6 2. Nc3 Nc6 3. Nf3 d5 4. exd5 Nxd5 5. d4 e6 6. Bd2 
Bb4 7. Nxd5 Bxd2+ 8. Qxd2 exd5 9. Bb5 N@e4 10. Qe2 B@h5 11. Rg1 O-O 
12. O-O-O Nxd4 13. Nxd4 Bxe2 14. Nxe2 P@a3 15. bxa3 Q@a1# 
{tantheman resigns} 0-1

[Event "fics rated crazyhouse match"]
[Site "fics, Oklahoma City, OK USA"]
[Date "2000.12.05"]
[White "Bugzilla"]
[WhiteElo "2220"]
[Black "tantheman"]
[BlackElo "2314"]
[TimeControl "60+0"]
[Result "0-1"]

1. e4 e6 2. Nc3 Nc6 3. Nf3 Nf6 4. d4 Bb4 5. Bb5 Nxe4 6. O-O 
Bxc3 7. Bxc6 dxc6 8. bxc3 Nxc3 9. B@h4 P@f6 10. Qd3 B@e2 11. Qxc3 Bxf1 
12. N@h5 Bxg2 13. Nxg7+ Kf8 14. Ba3+ P@d6 15. Qe3 P@f4 16. Qe2 R@g6 17. P@g5 
Rxg7 18. Kxg2 fxg5 19. Nxg5 Rxg5+ 20. P@g3 fxg3 21. fxg3 N@f4+ 22. Kh1 Nxe2 
23. B@h6+ P@g7 24. B4xg5 Q@f3# 
{Bugzilla forfeits on time} 0-1

[Event "fics rated crazyhouse match"]
[Site "fics, Oklahoma City, OK USA"]
[Date "2000.12.05"]
[White "tantheman"]
[WhiteElo "2320"]
[Black "Bugzilla"]
[BlackElo "2214"]
[TimeControl "60+0"]
[Result "1-0"]

1. e4 Nc6 2. Nc3 e6 3. Nf3 Bb4 4. Be2 Nf6 5. d3 d5 6. exd5 
exd5 7. O-O Bxc3 8. bxc3 P@g4 9. Ng5 O-O 10. P@h3 gxh3 11. gxh3 P@h6 
12. P@g2 hxg5 13. Bxg5 h6 14. Bxf6 Qxf6 15. N@h5 Qg5 16. B@f4 Qd8 17. P@f6 
gxf6 18. Bxh6 Re8 19. Bg4 P@f5 20. Bxf5 Bxf5 21. P@g4 Bg6 22. Ng7 Re7 
23. Nh5 B@h8 24. P@g7 Bxg7 25. Bxg7 Re6 26. Bxf6 Rxf6 27. Nxf6+ Qxf6 28. B@h6 
B@g7 29. P@g5 Qxc3 30. Bxg7 Qxg7 31. B@f6 Qxf6 32. gxf6 B@h6 33. g5 Bf8 
34. R@g7+ Bxg7 35. fxg7 P@e7 36. Q@h8# 
{Bugzilla checkmated} 1-0

[Event "fics rated crazyhouse match"]
[Site "fics, Oklahoma City, OK USA"]
[Date "2000.12.05"]
[White "Bugzilla"]
[WhiteElo "2208"]
[Black "tantheman"]
[BlackElo "2326"]
[TimeControl "60+0"]
[Result "1-0"]

1. Nf3 e6 2. Nc3 Nc6 3. e4 Nf6 4. d4 Bb4 5. Bd3 d5 6. e5 
Ne4 7. O-O Bxc3 8. bxc3 Nxc3 9. Bg5 Nxd1 10. Bxd8 Nxf2 11. Rxf2 P@e3 
12. Rff1 N@f2 13. N@g3 P@f4 14. Nh1 Kxd8 15. B@h4+ B@e7 16. Bxf2 exf2+ 17. Nxf2 
B@e3 18. N@h5 Bxf2+ 19. Rxf2 Rg8 20. Bxh7 Rh8 21. B@d3 N@f5 22. Bhxf5 exf5 
23. Nxg7 B@g3 24. Rff1 Nxd4 25. N@d2 Nxf3+ 26. Nxf3 P@f2+ 27. Kh1 Q@g1+ 28. Rxg1 
fxg1=Q+ 29. Kxg1 Bxh2+ 30. Nxh2 Rxh2 31. Q@e8# 
{tantheman checkmated} 1-0

[Event "fics rated crazyhouse match"]
[Site "fics, Oklahoma City, OK USA"]
[Date "2000.12.05"]
[White "tantheman"]
[WhiteElo "2315"]
[Black "Bugzilla"]
[BlackElo "2219"]
[TimeControl "60+0"]
[Result "0-1"]

1. e4 Nf6 2. Nc3 Nc6 3. Nf3 d5 4. exd5 Nxd5 5. d4 e6 6. Bd2 
Bb4 7. Bd3 P@a3 8. Nxd5 Bxd2+ 9. Qxd2 axb2 10. Nxc7+ Qxc7 11. O-O bxa1=Q 
12. Rxa1 B@b4 13. c3 Be7 14. B@g3 P@d6 15. P@c5 Qd7 16. cxd6 Bxd6 17. Bxd6 
Qxd6 18. P@e5 Qd7 19. B@d6 P@c7 20. Bxc7 Qxc7 21. P@d6 Qd7 22. N@c7+ Kf8 
23. P@e7+ Nxe7 24. dxe7+ Qxe7 25. Nxa8 P@g4 26. P@d6 Qd7 27. R@e7 gxf3 28. Rxd7 
Bxd7 29. Q@e7+ Kg8 30. Qd8+ B@e8 31. N@e7+ Kf8 32. Bxh7 N@h3+ 33. gxh3 R@g2+ 
34. Kh1 R@g1+ 35. Rxg1 Rxg1+ 36. Kxg1 R@g2+ 37. Kh1 Rxh2+ 38. Kxh2 N@f1# 
{tantheman forfeits on time} 0-1

[Event "fics rated crazyhouse match"]
[Site "fics, Oklahoma City, OK USA"]
[Date "2000.12.05"]
[White "Bugzilla"]
[WhiteElo "2229"]
[Black "tantheman"]
[BlackElo "2305"]
[TimeControl "60+0"]
[Result "1-0"]

1. e4 e6 2. Nc3 Nc6 3. Nf3 Nf6 4. d4 Bb4 5. Bd3 d5 6. e5 
Ne4 7. Bd2 Bxc3 8. bxc3 Nxf2 9. Kxf2 N@g4+ 10. Kf1 P@e3 11. Be1 Nxd4 
12. cxd4 P@f2 13. Bb4 Bd7 14. B@h4 Qc8 15. N@h5 Rg8 16. Bxh7 c5 17. Bxg8 
cxb4 18. N@d6+ Kf8 19. R@h8 B@b5+ 20. P@d3 Qc3 21. Bh7# 
{tantheman checkmated} 1-0

[Event "fics rated crazyhouse match"]
[Site "fics, Oklahoma City, OK USA"]
[Date "2000.12.05"]
[White "tantheman"]
[WhiteElo "2295"]
[Black "Bugzilla"]
[BlackElo "2239"]
[TimeControl "60+0"]
[Result "1-0"]

1. e4 Nf6 2. Nc3 Nc6 3. Nf3 d5 4. exd5 Nxd5 5. d4 e6 6. Bd2 
Bb4 7. Bd3 P@a3 8. Nxd5 Bxd2+ 9. Qxd2 axb2 10. Nxc7+ Qxc7 11. Rb1 P@c3 
12. Qg5 B@h6 13. Qg4 e5 14. Qe4 N@d6 15. Qe2 O-O 16. dxe5 Nxe5 17. Nxe5 
P@d2+ 18. Kf1 Re8 19. N@d5 Qc5 20. N@f6+ gxf6 21. Nxf6+ Kh8 22. Nxf7+ Nxf7 
23. Qxe8+ N@f8 24. R@g8# 
{Bugzilla checkmated} 1-0